AoeStats
← [GE]GhandioHarry

Arena

510690938Analyzed
2v2 RM · 10h ago on Oct 2, 2026· 53m 7s· 4 players
Game mode
Random Map
Map size
Medium (4 player)
Population
200
Speed
Normal
Resources
Standard
Victory
Conquest
Starting age
Dark Age
Ending age
Imperial Age
RankedLock teamsTeams togetherTeam positionsShared explorationLock speedFull tech treeHidden civsTurbo modeCheats
Victory
Defeat
🇬🇧 Georgians · United Kingdom
1078
+16
🇭🇰 Saracens · Hong Kong SAR China
1010
+19
🇨🇱 Mapuche · Chile
1119
-19
🇨🇱 Hindustanis · Chile
1047
-16
Lagolas
2:10 Loom
9:45 Feudal Age
13:17 Castle Age
11:21 Double-Bit Axe
11:56 Horse Collar
20:42 Bow Saw
23:24 Gold Mining
23:39 Heavy Plow
26:18 Loom
30:31 Imperial Age
28:25 Stone Mining
29:17 Bloodlines
29:53 Husbandry
29:59 Scale Barding Armor
30:04 Forging
30:49 Cavalier
31:50 Chain Barding Armor
32:07 Block Printing
32:29 Theocracy
31:48 Light Cavalry
33:08 Wheelbarrow
33:51 Iron Casting
33:51 Plate Barding Armor
33:40 Conscription
34:58 Hand Cart
35:32 Stone Shaft Mining
36:43 Blast Furnace
36:13 Aznauri Cavalry
37:45 Fletching
38:50 Elite Monaspa
41:53 Hussar
44:22 Bodkin Arrow
44:48 Ballistics
45:10 Elite Skirmisher
45:53 Padded Archer Armor
45:54 Bracer
48:22 Siege Engineers
51:02 Pikeman
52:46 Murder Holes
52:42 Halberdier
53:23 Squires
53:08 Arson
53:25 Scale Mail Armor
53:44 Leather Archer Armor
kll20002003
11:19 Feudal Age
14:56 Castle Age
12:45 Double-Bit Axe
12:46 Horse Collar
21:49 Wheelbarrow
21:02 Loom
23:08 Bow Saw
24:00 Hand Cart
27:39 Bloodlines
27:29 Husbandry
30:07 Imperial Age
29:29 Bimaristan
29:30 Heavy Plow
29:58 Light Cavalry
30:45 Scale Barding Armor
30:50 Forging
32:13 Chemistry
31:19 Padded Archer Armor
32:02 Gold Mining
33:15 Two-Man Saw
32:41 Conscription
33:25 Chain Barding Armor
33:40 Iron Casting
33:50 Gold Shaft Mining
33:05 Elite Mameluke
34:22 Stone Mining
35:37 Leather Archer Armor
34:57 Elite Skirmisher
35:35 Fletching
36:11 Thumb Ring
38:14 Bodkin Arrow
38:49 Ring Archer Armor
38:56 Plate Barding Armor
39:22 Blast Furnace
39:17 Counterweights
39:45 Ballistics
39:30 Siege Engineers
38:52 Capped Ram
48:35 Hussar
49:54 Caravan
51:50 Masonry
51:36 Murder Holes
[GE]Aplostlico
4:18 Loom
9:55 Feudal Age
10:20 Horse Collar
10:25 Double-Bit Axe
18:31 Castle Age
18:59 Pikeman
19:52 Forging
19:42 Scale Mail Armor
22:27 Wheelbarrow
24:35 Bow Saw
24:25 Town Watch
25:12 Hand Cart
28:35 Heavy Plow
34:03 Imperial Age
32:25 Malon
32:47 Padded Archer Armor
33:19 Town Patrol
34:46 Leather Archer Armor
34:56 Ballistics
34:47 Masonry
34:32 Murder Holes
34:46 Caravan
35:04 Arson
35:05 Halberdier
35:59 Gold Mining
36:58 Crop Rotation
37:49 Iron Casting
37:47 Conscription
37:50 Chain Mail Armor
37:44 Treadmill Crane
39:53 Blast Furnace
39:55 Plate Mail Armor
43:26 Ring Archer Armor
44:09 Elite Bolas Rider
44:27 Elite Skirmisher
45:05 Fletching
46:27 Chemistry
45:59 Architecture
45:48 Butalmapu
46:34 Hoardings
45:20 Elite Kona
45:33 Crossbowman
46:13 Bodkin Arrow
46:57 Champi Runner
49:47 Gold Shaft Mining
49:02 Stone Mining
49:31 Sappers
49:58 Champi Warrior
[GE]GhandioHarry
10:59 Feudal Age
11:26 Double-Bit Axe
11:23 Horse Collar
17:52 Castle Age
18:44 Bow Saw
18:35 Heavy Plow
23:22 Padded Archer Armor
22:54 Crossbowman
23:55 Fletching
27:40 Loom
30:41 Imperial Age
28:53 Ballistics
29:12 Leather Archer Armor
29:00 Husbandry
30:36 Wheelbarrow
31:07 Thumb Ring
31:16 Forging
31:02 Bodkin Arrow
31:09 Murder Holes
31:03 Heavy Camel Rider
32:19 Hand Cart
32:44 Gold Mining
33:03 Stone Mining
33:12 Town Watch
34:41 Chemistry
33:57 Bloodlines
34:23 Iron Casting
33:54 Scale Barding Armor
35:15 Two-Man Saw
35:39 Ring Archer Armor
36:05 Gold Shaft Mining
36:06 Stone Shaft Mining
36:26 Bracer
36:47 Chain Barding Armor
37:47 Town Patrol
37:13 Imperial Camel Rider
38:20 Grand Trunk Road
39:01 Fortified Wall
40:01 Plate Barding Armor
41:03 Conscription
42:46 Caravan
44:09 Blast Furnace
50:08 Elite Skirmisher
Connection lost

Rejoining the realm…

Still unreachable

The connection could not be restored.

Session expired

The server has moved on; the page needs a fresh start.